 Dungeon Crawl Stone Soup version 0.28.0 (webtiles) character file.

Game seed: 14099683338702304969

79 inmateoo the Grasshopper (level 4, -2/28 HPs)
             Began as a Deep Elf Warper on Feb 17, 2022.
             Slain by Crazy Yiuf (19 damage)
             ... on level 2 of the Dungeon.
             The game lasted 00:05:35 (3986 turns).

inmateoo the Grasshopper (Deep Elf Warper)          Turns: 3986, Time: 00:05:36

Health: -2/28      AC:  4    Str:  8    XL:     4   Next: 17%
Magic:  10/10      EV: 12    Int: 20    God:
Gold:   43         SH:  0    Dex: 14    Spells: 3/9 levels left

rFire   . . .      SeeInvis .   a - +0 falchion
rCold   . . .      Faith    .   (no shield)
rNeg    . . .      Spirit   .   b - +0 leather armour
rPois   .          Reflect  .   (no helmet)
rElec   .          Harm     .   (no cloak)
rCorr   .          Rampage  .   (no gloves)
Will    .....                   e - +0 pair of boots
Stlth   +.........              (no amulet)
HPRegen 0.09/turn               (no ring)
MPRegen 0.12/turn               (no ring)

@: no status effects
A: no striking features
a: no special abilities


You were on level 2 of the Dungeon.
You visited 1 branch of the dungeon, and saw 3 of its levels.

You collected 43 gold pieces.

Inventory:

Hand Weapons
 a - a +0 falchion (weapon)
Missiles
 d - 5 boomerangs of dispersal (quivered)
Armour
 b - a +0 leather armour (worn)
 e - a +0 pair of boots (worn)
Scrolls
 c - a scroll of blinking
Potions
 g - a potion of curing


   Skills:
 + Level 3.2 Fighting
 + Level 2.2 Long Blades
 - Level 1.0 Throwing
 - Level 0.7 Armour
 - Level 2.4 Dodging
 - Level 3.0 Spellcasting
 + Level 0.2 Conjurations
 - Level 3.2 Translocations
 + Level 1.3 Fire Magic


You had 3 spell levels left.
You knew the following spells:

 Your Spells              Type           Power      Damage    Failure   Level
a - Blink                 Tloc           32%        N/A       8%          2
b - Sticky Flame          Conj/Fire      6%         2d3       82%         4

Your spell library contained the following spells:

 Spells                   Type           Power      Damage    Failure   Level
 Gell's Gravitas          Tloc           16%        N/A       16%         3
 Lesser Beckoning         Tloc           16%        N/A       16%         3
 Teleport Other           Tloc           16%        N/A       16%         3
 Static Discharge         Conj/Air       3%         N/A       28%         2
 Dazzling Flash           Conj/Hex       6%         N/A       50%         3
 Manifold Assault         Tloc           16%        N/A       82%         5
 Dispel Undead            Necr           3%         3d7       89%         4
 Agony                    Necr           3%         N/A       99%         5
 Silence                  Hex/Air        1%         N/A       99%         5


Dungeon Overview and Level Annotations

Branches:
Dungeon (3/15)

Altars:
Okawaru

Annotations:
D:2 Crazy Yiuf, Jessica, Robin


Message History

Your +0 leather armour unmelds from your body.
f - 2 curare-tipped darts You start resting.
HP restored.
a - a +0 falchion (weapon)
Found a mace.
Found a runed translucent door.
Crazy Yiuf shouts!
Crazy Yiuf screams, "Gnoll!
Flower sallow arm."
Could not explore, unopened runed door.
You start waiting.
Done waiting.
Okay, then.
Okay, then.
Crazy Yiuf shouts!
Crazy Yiuf says, "Trifle sanguine fast!"
You open the door.
Throw: 2 darts (curare)
Press: ? - help, Q - select action, (/) - cycle Shift-Dir - straight line, f - Crazy Yiuf
Aim: Crazy Yiuf, wielding a +2 quarterstaff of chaos and wearing a +0 cloak (63% to hit)
You throw a curare-tipped dart.
The curare-tipped dart barely misses Crazy Yiuf.
Crazy Yiuf barely misses you.
Throw: dart (curare)
Press: ? - help, Q - select action, (/) - cycle Shift-Dir - straight line, f/p - Crazy Yiuf
Aim: Crazy Yiuf, wielding a +2 quarterstaff of chaos and wearing a +0 cloak (63% to hit)
You throw a curare-tipped dart. The curare-tipped dart hits Crazy Yiuf.
Crazy Yiuf is poisoned.
Crazy Yiuf convulses.
Crazy Yiuf seems to slow down.
Crazy Yiuf is moderately wounded.
You slash Crazy Yiuf!
Crazy Yiuf is severely wounded.
Crazy Yiuf hits you with a +2 quarterstaff of chaos!
Crazy Yiuf draws strength from your wounds!
You hit Crazy Yiuf but do no damage.
Crazy Yiuf is heavily wounded.
Crazy Yiuf screams, "Lugonu turtle sing!"
Crazy Yiuf hits you with a +2 quarterstaff of chaos.
You are electrocuted!!
Ouch! That really hurt!
You die...

.##### #.#
#....#
###.#.#
..########.#
##..##
######......
...........#
♣....♣
#...........
...........#
♣♣...♣
#..........8
.###.#.###.#
♣♣.♣♣
###.##......
.# #.......#
♣♣.♣
#.##......
.###.#.###.#
♣.♣♣
###.##......
.........#.#
♣♣.♣
#........#.#
.###.#.###.#
♣@♣♣
#....#...#.#
.# #.......#
#g#
#....#...#.#
.# #.#.###.#
...
#...........
.###.#>....#
#...#
#...........
.#.........#
#)(.#
#...........
...........#
#####
#..........#
.#.#.....#.#
###........#
.#.#.#.#.#.#
#####
####......
.........#.#
#.#.#
###..#..#


You could see Crazy Yiuf (very poisoned, slow).

Vanquished Creatures
  2 adders
  An adder skeleton (D:2)
  3 dart slugs
  4 bats
  An endoplasm (D:2)
  A giant cockroach (D:2)
  14 goblins
  5 hobgoblins
  2 kobolds (D:1)
  A quokka (D:1)
  7 ball pythons
  3 frilled lizards
  A giant cockroach zombie (D:2)
  3 rats
48 creatures vanquished.

Vanquished Creatures (others)
  5 withered plants (D:2)
5 creatures vanquished.

Grand Total: 53 creatures vanquished

Notes
Turn   | Place    | Note
-------+----------+-------------------------------------------
     0 | D:1      | inmateoo the Deep Elf Warper began the quest for the Orb.
     0 | D:1      | Reached XP level 1. HP: 12/12 MP: 6/6
   597 | D:1      | Reached XP level 2. HP: 17/17 MP: 8/8
  1436 | D:2      | Noticed Robin
  1588 | D:2      | Reached XP level 3. HP: 20/22 MP: 9/9
  1693 | D:2      | Found an iron altar of Okawaru.
  1829 | D:3      | Learned a level 2 spell: Blink
  2062 | D:2      | Noticed Jessica
  2689 | D:2      | Reached skill level 1 in Fire Magic
  2986 | D:2      | Reached XP level 4. HP: 18/28 MP: 10/10
  3101 | D:2      | Learned a level 4 spell: Sticky Flame
  3109 | D:2      | Found a faded altar of an unknown god.
  3762 | D:2      | Found a runed translucent door.
  3763 | D:2      | Noticed Crazy Yiuf
  3986 | D:2      | Slain by Crazy Yiuf

Illustrated notes

Levels and vault maps discovered:
D:1:      erik_arrival_blinker_ship, layout_basic
D:2:      layout_basic, basic_altar, nicolae_ecumenical_snake_handling,
          serial_undead, serial_undead_c, serial_undead_b, serial_undead_d,
          serial_undead_e, uniq_crazy_yiuf_cottage, uniq_jessica, uniq_robin
D:3:      layout_basic, mainiacjoe_overflow_cross_hatched, serial_shops,
          nicolae_shop_hallway_stairs, kennysheep_generic_room_2

Skill      XL: |  1  2  3 |
---------------+----------+-----
Fighting       | 2 3 |  3.2
Long Blades    | 2 |  2.2
Fire Magic     | 1 |  1.3
Throwing       | |  1.0
Armour         | |  0.7
Dodging        | |  2.4
Spellcasting   | |  3.0
Conjurations   | |  0.2
Translocations | |  3.2

Action                   |  1- 3 |  4- 6 || total
-------------------------+-------+-------++-------
Melee: Falchion          |   161 |    16 ||   177
       Punch             |     2 |       ||     2
       Unarmed           |       |     1 ||     1
Throw: Dart              |       |     4 ||     4
 Cast: Blink             |     1 |       ||     1
  Use: Scroll            |     2 |       ||     2
       Potion            |       |     1 ||     1
 Stab: Sleeping          |     2 |       ||     2
Armor: Leather armour    |    60 |     6 ||    66
Dodge: Dodged            |   114 |    10 ||   124
